 Dungeon Crawl Stone Soup version 0.28.0 (webtiles) character file.

Game seed: 7976505492148155931

14001 anonymouscript the Grappler (level 11, -14/104 HPs)
             Began as a Troll Monk on Feb 13, 2022.
             Was the Champion of the Shining One.
             Killed by divine providence
             ... invoked by a meliai
              (15 damage)
             ... on level 11 of the Dungeon on Feb 18, 2022.
             The game lasted 00:38:17 (7264 turns).

anonymouscript the Grappler (Troll Monk)            Turns: 7264, Time: 00:38:17

Health: -14/104    AC: 11    Str: 25    XL:     11   Next: 83%
Magic:  25/25      EV: 14    Int: 11    God:    the Shining One [******]
Gold:   692        SH:  0    Dex: 18    Spells: 10/10 levels left

rFire   . . .      SeeInvis .   u - +0 giant spiked club (venom)
rCold   . . .      Faith    .   (shield currently unavailable)
rNeg    + + +      Spirit   .   S - +0 troll leather armour
rPois   .          Reflect  .   T - +3 hat of Pondering {ponderous, Will+ MP+10 Int+5}
rElec   .          Harm     .   e - +1 cloak
rCorr   +          Rampage  .   (gloves unavailable)
Will    +....                   (boots unavailable)
Stlth   +.........              D - amulet of the acrobat
HPRegen 1.87/turn               G - +6 ring of dexterity
MPRegen 0.19/turn               R - ring of resist corrosion

@: about to teleport, glowing, slow
A: large, unfitting armour, claws 3, regeneration 1, shaggy fur 1, tough skin 1
a: Renounce Religion, Divine Shield, Cleansing Flame, Summon Divine Warrior,
Brand Weapon With Holy Wrath


You were on level 11 of the Dungeon.
You worshipped the Shining One.
The Shining One was exalted by your worship.
You visited 2 branches of the dungeon, and saw 13 of its levels.
You also visited: Ossuary.

You collected 692 gold pieces.

Inventory:

Hand Weapons
 p - a +0 giant club of freezing
 u - a +0 giant spiked club of venom (weapon)
 L - a +0 giant club
 M - a +0 giant club of freezing
Missiles
 f - 39 bolts
 m - 5 large rocks
 n - 30 poisoned darts
 t - 186 arrows
 w - 181 stones (quivered)
 y - a throwing net
 K - 3 curare-tipped darts
Armour
 a - a +0 robe
 e - a +1 cloak (worn)
 r - an orb of energy
 I - a +0 robe of willpower
 S - a +0 troll leather armour (worn)
 T - the +3 hat of Pondering (worn) {ponderous, Will+ MP+10 Int+5}
   (You took it off Gastronok on level 10 of the Dungeon)

   Int:       It affects your intelligence (+5).
   MP:        It affects your magic capacity (+10).
   Will:      It increases your willpower.
Magical Staves
 o - a staff of conjuration
 N - a staff of fire
Jewellery
 D - an amulet of the acrobat (around neck)
 G - a +6 ring of dexterity (left claw)
 R - a ring of resist corrosion (right claw)
Wands
 q - a wand of flame (24)
 H - a wand of iceblast (15)
 P - a wand of paralysis (2)
Scrolls
 b - 2 scrolls of silence
 c - 6 scrolls of immolation
 d - 9 scrolls of teleportation
 g - a scroll of holy word {unknown}
 i - a scroll of brand weapon
 l - 4 scrolls of amnesia
 v - 2 scrolls of fear
 x - 2 scrolls of fog
 C - 2 scrolls of vulnerability
 J - 2 scrolls of blinking
 O - a scroll of enchant weapon {unknown}
 U - 2 scrolls of identify
Potions
 h - 4 potions of flight
 j - a potion of curing
 k - a potion of might
 s - a potion of brilliance {unknown}
 z - 3 potions of mutation
 A - 4 potions of attraction
 B - 2 potions of haste
 E - a potion of resistance {unknown}
 F - a potion of magic
Miscellaneous
 Q - a phial of floods


   Skills:
 + Level 5.4 Fighting
 + Level 4.3 Maces & Flails
 + Level 1.6 Armour
 + Level 7.6 Dodging
 - Level 1.2 Stealth
 + Level 13.5 Unarmed Combat
 * Level 6.9 Invocations


You had 10 spell levels left.
You didn't know any spells.
Your spell library contained the following spells:

 Spells                   Type           Power      Damage    Failure   Level
 Ensorcelled Hibernation  Hex/Ice        0%         N/A       52%         2
 Passwall                 Tmut/Erth      0%         N/A       52%         2
 Dazzling Flash           Conj/Hex       0%         N/A       77%         3
 Gell's Gravitas          Tloc           0%         N/A       77%         3
 Lesser Beckoning         Tloc           0%         N/A       77%         3
 Swiftness                Air            0%         N/A       77%         3
 Teleport Other           Tloc           0%         N/A       77%         3
 Hailstorm                Conj/Ice       0%         3d3       99%         4
 Ice Form                 Ice/Tmut       0%         N/A       99%         4
 Agony                    Necr           0%         N/A       100%        5
 Silence                  Hex/Air        0%         N/A       100%        5
 Simulacrum               Ice/Necr       0%         N/A       100%        6


Dungeon Overview and Level Annotations

Branches:
Dungeon (11/15)            Temple (0/1) D:7             Orc (2/2) D:9
Ossuary (visited)
   Lair: D:8-11         Elf: Orc:2

Altars:
Cheibriados
Dithmenos
Elyvilon
Gozag
Makhleb
Nemelex Xobeh
Okawaru
Qazlal
Sif Muna
Vehumet
Wu Jian
Xom
Zin
The Shining One
Beogh

Shops:
D:9 *

Annotations:
D:11 Grum


Innate Abilities, Weirdness & Mutations

You are too large for most types of armour.
You have claws for hands.
Your natural rate of healing is unusually fast.
You are covered in fur. (AC +1)
You have tough skin. (AC +1)


Message History

The meliai hits you with a +0 hand axe.
* * * LOW HITPOINT WARNING * * *
The meliai stings you but does no damage.
The meliai misses you. The meliai closely misses you.
The wolf completely misses you. The wolf bites you.
* * * LOW HITPOINT WARNING * * *
The wolf barely misses you.
The meliai mumbles some strange prayers to its god against you.
Something smites you!
* * * LOW HITPOINT WARNING * * *
The meliai barely misses you. The meliai stings you.
* * * LOW HITPOINT WARNING * * *
You are poisoned.
The meliai poisons you!
Grum hits you from afar with a +0 halberd!
* * * LOW HITPOINT WARNING * * *
The wolf barely misses you.
You feel better. The wolf closely misses you.
The meliai hits you but does no damage. The meliai misses you.
The meliai closely misses you. The meliai stings you!
* * * LOW HITPOINT WARNING * * *
You are lethally poisoned!
The meliai poisons you! The wolf barely misses you.
The wolf bites you but does no damage. The meliai hits you with a +0 hand axe.
* * * LOW HITPOINT WARNING * * *
The meliai closely misses you.
The wolf bites you but does no damage. x2
The meliai hits you but does no damage. The meliai closely misses you.
Grum barely misses you.
You feel better.
The meliai mumbles some strange prayers to its god against you.
Something smites you!
* * * LOW HITPOINT WARNING * * *
The meliai hits you but does no damage.
The meliai stings you but does no damage.
The wolf bites you.
* * * LOW HITPOINT WARNING * * *
The wolf closely misses you. x2
The meliai calls down the wrath of its god upon you.
Something smites you!
You die...

#..##..##.##..## #..#
#..##..##.##.... #..#
#.........##.... #..#
#.........##.... .
#$.# #.....###.##....
.. #..# #..##.# #.#
..
...#####..#####..##.#
#.. ..
...........ghh...##.#
#... ..
...........hy@...##.#
#..#. ..
............hy...##.#
#..#....
....<....#####...##..
.. .........#
#...##.. ..
.........# #...# .#
.........# #...#
##.......# #...#
#........ ...#
#........ ...#


You could see Grum, 2 meliai and 4 wolves.

Vanquished Creatures
  Gastronok (D:10)
  A boulder beetle (D:11)
  2 two-headed ogres
  Erica (D:8)
  A cyclops (D:11)
  A komodo dragon (D:9)
  2 tengu conjurers (D:8)
  A troll (D:9)
  A meliai (D:11)
  Grinder (D:3)
  A vampire (D:9)
  14 yaks
  The ghost of comborobin the Insei, an amateur DjWr (D:3)
  A warg (D:9)
  3 acid dragons
  2 sky beasts
  12 orc warriors
  A black bear (D:6)
  2 necrophages
  9 ogres
  10 centaurs
  4 kobold brigands (D:8)
  An elf zombie (Ossuary)
  A gnoll sergeant (D:9)
  5 bullfrogs
  4 scorpions (D:5)
  A wyvern skeleton (D:7)
  A water moccasin skeleton (D:5)
  7 killer bees (D:9)
  8 wights
  A howler monkey (D:10)
  2 bullfrog zombies
  8 orc priests
  A bullfrog skeleton (D:6)
  5 gnoll shamans
  2 hounds
  2 iguanas
  Ijyb (D:5)
  11 orc wizards
  A hound zombie (Ossuary)
  2 hound skeletons
  4 mummies (Ossuary)
  2 howler monkey zombies
  21 gnolls
  3 adders
  A howler monkey skeleton (D:5)
  2 ufetubi
  An adder zombie (Ossuary)
  An adder skeleton (D:4)
  3 worms
  A dart slug (D:1)
  46 orcs
  7 ball pythons
  3 endoplasms
  A giant cockroach (D:3)
  A gnoll zombie (Ossuary)
  8 hobgoblins
  7 jackals
  6 kobolds
  A quokka (D:2)
  4 bats
  A frilled lizard (D:1)
  3 hobgoblin zombies (Ossuary)
  3 jackal zombies (Ossuary)
  An orc zombie (Ossuary)
  3 rats
  A rat zombie (Ossuary)
271 creatures vanquished.

Vanquished Creatures (others)
  5 fungi
  3 plants
8 creatures vanquished.

Grand Total: 279 creatures vanquished

Notes
Turn   | Place    | Note
-------+----------+-------------------------------------------
     0 | D:1      | anonymouscript the Troll Monk began the quest for the Orb.
     0 | D:1      | Reached XP level 1. HP: 22/22 MP: 0/0
    88 | D:1      | Reached XP level 2. HP: 29/29 MP: 1/1
   202 | D:1      | You fall into a shaft and drop 1 floor!
   373 | D:2      | Reached XP level 3. HP: 32/36 MP: 2/2
   587 | D:2      | Found a faded altar of an unknown god.
   597 | D:2      | Prayed at the altar of an unknown god.
   597 | D:2      | Became a worshipper of the Shining One
   597 | D:2      | Reached * piety under the Shining One
   597 | D:2      | Reached ** piety under the Shining One
   909 | D:3      | Found a runed translucent door.
   910 | D:3      | Noticed comborobin's ghost (amateur DjWr)
   919 | D:3      | Killed comborobin's ghost
   919 | D:3      | Reached *** piety under the Shining One
   920 | D:3      | Reached skill level 4 in Unarmed Combat
   920 | D:3      | Reached XP level 4. HP: 45/45 MP: 3/3
   920 | D:3      | Reached XP level 5. HP: 53/53 MP: 4/4
  1053 | D:3      | Noticed Grinder
  1065 | D:3      | Killed Grinder
  1066 | D:3      | Reached skill level 5 in Unarmed Combat
  1066 | D:3      | Reached XP level 6. HP: 46/61 MP: 5/5
  1138 | D:3      | Found a sparkling altar of Nemelex Xobeh.
  1138 | D:3      | Found a glowing silver altar of Zin.
  1145 | D:3      | Found a white marble altar of Elyvilon.
  1147 | D:3      | Found a shimmering altar of Xom.
  1149 | D:3      | Found a snail-covered altar of Cheibriados.
  1387 | D:4      | Reached skill level 6 in Unarmed Combat
  1434 | D:4      | Found a burning altar of Makhleb.
  1757 | D:5      | Entered Level 5 of the Dungeon
  1822 | D:5      | Reached XP level 7. HP: 21/67 MP: 6/6
  1964 | D:5      | Reached skill level 7 in Unarmed Combat
  2115 | D:5      | Noticed Ijyb
  2137 | D:5      | Killed Ijyb
  2141 | D:5      | Reached XP level 8. HP: 49/75 MP: 7/7
  2347 | D:5      | Reached skill level 8 in Unarmed Combat
  2642 | D:6      | Reached skill level 1 in Invocations
  2689 | D:6      | Reached **** piety under the Shining One
  2851 | D:6      | Found a sand-covered staircase.
  2856 | Ossuary  | Entered an ossuary
  2876 | Ossuary  | Reached skill level 9 in Unarmed Combat
  2891 | Ossuary  | Reached skill level 5 in Dodging
  2891 | Ossuary  | Reached ***** piety under the Shining One
  3100 | D:6      | Found a shimmering blue altar of Sif Muna.
  3420 | D:7      | Found an ornate altar of the Wu Jian Council.
  3495 | D:7      | Found a radiant altar of Vehumet.
  3573 | D:7      | Reached XP level 9. HP: 84/84 MP: 9/9
  3633 | D:7      | Found a staircase to the Ecumenical Temple.
  3748 | D:7      | Found an opulent altar of Gozag.
  4065 | D:8      | Reached skill level 10 in Unarmed Combat
  4082 | D:8      | Noticed a tengu conjurer
  4088 | D:8      | Killed a tengu conjurer
  4091 | D:8      | Noticed a tengu conjurer
  4103 | D:8      | Killed a tengu conjurer
  4190 | D:8      | Found an iron altar of Okawaru.
  4381 | D:8      | Found a shadowy altar of Dithmenos.
  4382 | D:8      | Found a stormy altar of Qazlal.
  4389 | D:8      | Noticed Erica
  4393 | D:8      | Killed Erica
  4394 | D:8      | Reached skill level 11 in Unarmed Combat
  4394 | D:8      | Reached XP level 10. HP: 93/93 MP: 10/12
  4990 | D:8      | Reached skill level 12 in Unarmed Combat
  5331 | D:9      | Reached skill level 5 in Invocations
  5619 | D:9      | Noticed a two-headed ogre
  5647 | D:9      | Killed a two-headed ogre
  5648 | D:9      | Reached skill level 1 in Maces & Flails
  5652 | D:9      | Reached XP level 11. HP: 100/101 MP: 14/14
  5740 | D:9      | Found Tajoc's Assorted Antiques.
  5881 | D:9      | Identified the +6 trident of Beogh's Castigation {drain,
                  | *Noise Will+ rCorr}
  5977 | D:9      | Found a staircase to the Orcish Mines.
  6020 | Orc:1    | Entered Level 1 of the Orcish Mines
  6204 | Orc:2    | Entered Level 2 of the Orcish Mines
  6204 | Orc:2    | Reached ****** piety under the Shining One
  6217 | Orc:1    | Reached skill level 13 in Unarmed Combat
  6327 | Orc:2    | Noticed an orc sorcerer
  6525 | D:10     | Entered Level 10 of the Dungeon
  6543 | D:9      | Reached skill level 5 in Fighting
  6683 | D:10     | Noticed a two-headed ogre
  6705 | D:10     | Killed a two-headed ogre
  6820 | D:10     | Noticed Gastronok
  6833 | D:10     | Killed Gastronok
  6866 | D:10     | Identified the +0 leather armour "Isur" {rElec rN+ Regen+}
  7072 | D:11     | Noticed a boulder beetle
  7096 | D:11     | HP: 5/104 [boulder beetle (8)]
  7096 | D:11     | HP: 1/104 [boulder beetle (4)]
  7104 | D:11     | Killed a boulder beetle
  7105 | D:11     | Reached skill level 1 in Armour
  7252 | D:11     | Noticed Grum
  7262 | D:11     | HP: 2/104 [Grum (10)]
  7264 | D:11     | Killed from afar by a meliai

Illustrated notes

Levels and vault maps discovered:
D:1:      dpeg_arrival_tiny_a, layout_basic, serial_shops, shop,
          chequers_serial_rivers_micro_b
D:2:      layout_basic, shapermc_ecumenical_altar_acropolis,
          minmay_misc_feat_diagonals, minmay_pentomino_v4,
          uniq_crazy_yiuf_cottage
D:3:      layout_rooms, chequers_temple_overflow_minitemple,
          ebering_ghost_reflecting_pool, minmay_misc_feat_columns, uniq_grinder
D:4:      layout_rooms, makhleb_heckhound_becter,
          corexii_item_surrounded_by_moat
D:5:      layout_loops_corners, grunt_ministairs_2, uniq_ijyb
D:6:      layout_rooms, mainiacjoe_overflow_small_starburst,
          nicolae_ossuary_entry_plus
D:7:      layout_loops_cross, nicolae_vehumet_altar_sigil,
          nicolae_gozag_seed_capital, nicolae_wu_jian_wuxing_cycle,
          temple_doors_e, minmay_misc_feat_ornament
D:8:      kennysheep_seaside_town, layout_basic, nicolae_overflow_crystal_walls,
          mainiacjoe_overflow_divided_tiny, hex_intersection,
          minmay_fractal_squares_diagonal_5, uniq_erica
D:9:      layout_roguey, david_orc_1_choice, nicolae_take_the_stairs,
          due_unseen_surprise
D:10:     layout_rooms, amcnicky_mini_rare_corridor_liquid, uniq_gastronok
D:11:     layout_long_grid, david_lair_generic, uniq_nergalle, uniq_grum
Orc:1:    layout_caves
Orc:2:    grunt_orc_tribal_feast, layout_diamond_mine, basic_altar,
          serial_shops, shop

Skill      XL: |  1  2  3  4  5  6  7  8  9 10 11 |
---------------+----------------------------------+-----
Dodging        | 3 4 5 6 7 |  7.6
Fighting       | 3 4 5 |  5.4
Unarmed Combat | 4 5 6 7 9 11 12 13 | 13.5
Invocations    | 2 4 5 6 |  6.9
Maces & Flails | 1 4 |  4.3
Armour         | 1 |  1.6
Stealth        | |  1.2

Action                   |  1- 3 |  4- 6 |  7- 9 | 10-12 || total
-------------------------+-------+-------+-------+-------++-------
Melee: Unarmed           |    92 |    49 |   214 |   234 ||   589
       Punch             |     3 |     4 |    13 |    25 ||    45
       Giant club        |       |       |       |    19 ||    19
       Giant spiked club |       |       |       |    56 ||    56
Throw: Stone             |       |       |       |     1 ||     1
  Use: Scroll            |     3 |     3 |    10 |     6 ||    22
       Potion            |     1 |       |     4 |     8 ||    13
 Stab: Sleeping          |     1 |       |       |       ||     1
Armor: Robe              |    36 |    16 |    81 |    28 ||   161
       Troll leather arm |       |       |       |    52 ||    52
Dodge: Dodged            |    39 |    30 |   159 |   349 ||   577
